 Dungeon Crawl Stone Soup version 0.29-a0-577-gafbf2c5d25 (webtiles) character file.

Game seed: 15437839960414722237

319 beeps the Skirmisher (level 7, -1/60 HPs)
             Began as a Meteoran Wanderer on June 13, 2022.
             Killed from afar by Ijyb (24 damage)
             ... with a bolt of acid
             ... on level 3 of the Dungeon.
             The game lasted 00:18:55 (1336 turns).

beeps the Skirmisher (Meteoran Wanderer)            Turns: 1336, Time: 00:18:56

Health: -1/60      AC:  3    Str: 19    XL:     7   Next: 4%
Magic:  10/11      EV: 12    Int: 11    God:
Gold:   7          SH:  0    Dex: 13    Spells: 8/10 levels left

rFire   . . .      SeeInvis .   a - +3 hand crossbow
rCold   + . .      Faith    .   (no shield)
rNeg    . . .      Spirit   .   s - +3 leather armour {rC+}
rPois   .          Reflect  .   (no helmet)
rElec   .          Harm     .   k - +0 cloak
rCorr   .          Rampage  .   (no gloves)
Will    .....                   (no boots)
Stlth   +.........              (no amulet)
HPRegen 0.20/turn               (no ring)
MPRegen 0.12/turn               (no ring)

@: corroded, very slightly contaminated, glowing
A: sense surroundings 1, otherworldly, glowing, explore regen
a: no special abilities


You were on level 3 of the Dungeon.
You visited 1 branch of the dungeon, and saw 3 of its levels.
You also visited: Sewer.

You collected 107 gold pieces.
You spent 100 gold pieces at shops.

Inventory:

Hand Weapons
 a - a +3 hand crossbow (weapon)
 b - a +0 dagger
 e - a +0 shortbow
 m - a +0 whip
 r - a +0 dagger of protection
Missiles
 c - a curare-tipped dart
 i - 4 javelins
 l - 76 stones
 v - 18 poisoned darts
Armour
 d - a +0 leather armour
 k - a +0 cloak (worn)
 s - a +3 leather armour of cold resistance (worn)
Scrolls
 f - a scroll of fear {unknown}
 g - 2 scrolls of vulnerability {unknown}
 j - 2 scrolls of poison {unknown}
 p - 2 scrolls of teleportation {unknown}
 q - 5 scrolls of identify {unknown}
 w - a scroll of fog {unknown}
Potions
 n - a potion of lignification {unknown}
 o - 2 potions of brilliance {unknown}
 t - a potion of cancellation {unknown}
 u - a potion of degeneration {unknown}
 x - a potion of haste {unknown}
 z - a potion of experience {unknown}
 A - 3 potions of magic {unknown}
 B - a potion of invisibility {unknown}


   Skills:
 + Level 4.6 Fighting
 - Level 3.2 Bows
 * Level 4.5 Crossbows
 + Level 3.6 Dodging
 - Level 2.0 Spellcasting
 + Level 2.5 Necromancy


You had 8 spell levels left.
You knew the following spells:

 Your Spells              Type           Power      Damage    Failure   Level
a - Necrotize             Necr           24%        1d5       12%         1
b - Summon Small Mammal   Summ           4%         N/A       34%         1

Your spell library contained the following spells:

 Spells                   Type           Power      Damage    Failure   Level
 Apportation              Tloc           2%         N/A       34%         1
 Dazzling Flash           Conj/Hex       2%         N/A       71%         3
 Iskenderun's Mystic Bla  Conj/Tloc      1%         2d3       98%         4
 Starburst                Conj/Fire      0%         6d3       100%        6


Dungeon Overview and Level Annotations

Branches:
Dungeon (3/15)              Sewer (visited)

Altars:

Shops:
D:2 *

Annotations:
D:2 Natasha
D:3 Ijyb


Innate Abilities, Weirdness & Mutations

You passively map a small area around you.
You are easily found by Zot.
You glow in the dark.
You regain HP and MP as you explore.


Message History

The adder bites you but does no damage.
Shoot: a) +3 hand crossbow
Press: ? - help, Shift-Dir - straight line, f/p - adder
Aim: an adder (heavily wounded, ally target, 51% to hit)
You shoot a bolt. The bolt hits the adder!
You kill the adder!
You feel sick.
You swap places.
You feel sick.
You feel sick.
You feel sick.
You are no longer poisoned.
You swap places.
Magic restored.
You see here an adder skeleton.
You see here a rat skeleton.
Items here: รทรทรทรท.
An endoplasm comes into view.
The endoplasm quivers.
You shoot a bolt.
The bolt hits the endoplasm but does no damage.
You shoot a bolt. The bolt hits the endoplasm!
You kill the endoplasm!
You now have 7 gold pieces (gained 6).
Found a scroll labelled LIV XYEBLIKA.
q - 5 scrolls labelled LIV XYEBLIKA (gained 1)
Found 5 gold pieces.
Ijyb the Twisted Goblin comes into view.
She is wielding a +2 dagger of electrocution, wearing a +2 leather armour of cold resistance and carrying a wand of acid (9).
Found 9 gold pieces.
Ijyb shouts!
Ijyb zaps a wand.
The bolt of acid hits you!!
Ijyb zaps a wand.
The bolt of acid hits you! The acid corrodes you!
You are too injured to fight recklessly!
Aiming: Necrotize (safe; 12% risk of failure)
Press: ? - help, Q - select action, (/) - cycle Shift-Dir - straight line, f - Ijyb
Aim: Ijyb, wielding a +2 dagger of electrocution, wearing a +2 leather armour of cold resistance and carrying a wand of acid (7) (chance to affect: 62%)
You miscast Necrotize.
You are very lightly contaminated with residual magic.
Nothing appears to happen.
Ijyb zaps a wand.
The bolt of acid hits you!!
You die...

* * , *
#.#....,,,,, * * *
.......#########.
.......#..........
*
,.......#..........
* *
.......#..........
...$...#..........
.......#..........
, ,
.......@..........
*
...g...#.........#
, ,
.....$.##.........,
, #.###.#
#.######.# * ,,
....#. #.* #.# * *
..... #. #.# *
**#.#.#####. #.# **
, ##.#....... #.# *
, , ,
#.......##...#.# ,
,


You could see Ijyb.

Vanquished Creatures
  A kobold brigand (Sewer)
  Jessica (D:2)
  9 adders
  6 river rats
  2 worms (D:3)
  A dart slug (D:1)
  8 ball pythons
  6 endoplasms
  2 giant cockroaches (D:1)
  3 goblins
  3 hobgoblins
  3 jackals (D:1)
  A quokka (D:1)
  7 bats
  5 frilled lizards
  15 kobolds
  26 rats
99 creatures vanquished.

Notes
Turn   | Place    | Note
-------+----------+-------------------------------------------
     0 | D:1      | beeps the Meteoran Wanderer began the quest for the Orb.
     0 | D:1      | beeps set off with the following items: a +3 hand crossbow,
                  | a +0 shortbow, a potion of berserk rage, a +0 leather
                  | armour
     0 | D:1      | Reached XP level 1. HP: 19/19 MP: 3/3
    18 | D:1      | Learned a level 1 spell: Necrotize
    20 | D:1      | Learned a level 1 spell: Summon Small Mammal
    67 | D:1      | Reached XP level 2. HP: 12/26 MP: 3/5
   122 | D:1      | Reached XP level 3. HP: 31/31 MP: 6/6
   359 | D:2      | Noticed Jessica
   382 | D:2      | Killed Jessica
   383 | D:2      | Reached skill level 1 in Necromancy
   383 | D:2      | Reached XP level 4. HP: 28/40 MP: 8/8
   554 | D:2      | Found Finlelom's Assorted Antiques.
   563 | D:2      | Reached XP level 5. HP: 46/46 MP: 9/9
   582 | D:2      | Bought a runed leather armour for 100 gold pieces
   609 | D:2      | Noticed Natasha
   624 | D:1      | Found a faded altar of an unknown god.
   844 | D:3      | Found a glowing drain.
   849 | Sewer    | Entered a sewer
   862 | Sewer    | Reached XP level 6. HP: 50/52 MP: 10/10
  1271 | D:3      | Reached XP level 7. HP: 24/60 MP: 7/11
  1334 | D:3      | Noticed Ijyb
  1336 | D:3      | Killed from afar by Ijyb

Illustrated notes

Levels and vault maps discovered:
D:1:      kennysheep_arrival_forest, layout_rooms,
          ebering_ecumenical_altar_mist, kennysheep_pointless_box
D:2:      layout_loops_corners, serial_shops, nicolae_shop_behind_doors,
          nicolae_square_shop, nrook_uturn, uniq_crazy_yiuf_cottage,
          uniq_jessica, uniq_natasha
D:3:      layout_basic, minitemple, lightli_sewer_entry_pipes, uniq_ijyb

Skill      XL: |  1  2  3  4  5  6 |
---------------+-------------------+-----
Spellcasting   | 2 |  2.0
Dodging        | 2 3 |  3.6
Necromancy     | 1 2 |  2.5
Crossbows      | 3 4 |  4.5
Fighting       | 4 |  4.6
Bows           | |  3.2

Action                   |  1- 3 |  4- 6 |  7- 9 || total
-------------------------+-------+-------+-------++-------
Melee: Whip              |     2 |       |       ||     2
       Dagger            |       |    11 |       ||    11
 Fire: Hand crossbow     |    86 |   156 |     4 ||   246
 Cast: Necrotize         |       |     6 |       ||     6
  Use: Potion            |     1 |     3 |       ||     4
Armor: Leather armour    |    27 |    66 |     2 ||    95
Dodge: Dodged            |    18 |    77 |       ||    95

Table legend: (Time is in decaauts)
 A = Elapsed time spent in this place.
 B = Non-inter-level travel time spent in this place.
 C = Inter-level travel time spent in this place.
 D = Time resting spent in this place.
 E = Time spent auto-exploring this place.
 F = Levels seen in this place.
 G = Mean time per level.
                   A        B        C        D        E       F      G
               +--------+--------+--------+--------+--------+-----+--------+
         Total |   1479 |   1451 |     28 |     45 |    122 |   4 |  369.8 |
       Dungeon |   1036 |   1008 |     28 |     45 |    122 |   3 |  345.3 |
         Sewer |    442 |    442 |      0 |      0 |      0 |   1 |  442.0 |
               +--------+--------+--------+--------+--------+-----+--------+

Top non-repeatable levels by time:
   Sewer: 442 daAuts
     D:2: 433 daAuts
     D:1: 343 daAuts
     D:3: 259 daAuts
